 Dungeon Crawl Stone Soup version 0.31-a0-596-g831eee08f1 (webtiles) character file.

Game seed: 4663768988791714997

6295 BubbleThief the Grappler (level 10, -9/79 HPs)
             Began as an Octopode Shapeshifter on Aug 21, 2023.
             Was a Believer of Makhleb.
             Mangled by Maurice
             ... wielding a +3 short sword of protection
              (11 damage)
             ... on level 9 of the Dungeon.
             The game lasted 00:11:36 (7756 turns).

BubbleThief the Grappler (Octopode Shapeshifter)    Turns: 7756, Time: 00:11:36

Health: -9/79      AC:  1    Str: 18    XL:     10   Next: 94%
Magic:  10/10      EV: 23    Int: 11    God:    Makhleb [**....]
Gold:   0          SH:  0    Dex: 13    Spells: 9/9 levels left

rFire   . .          .
                       - Unarmed
rCold   + . .        (no shield)
rNeg    . . .        (helmet currently unavailable)
rPois   .            (no amulet)
rElec   .            o - +5 ring of evasion
rCorr   .            q - ring of willpower
SInv    .            v - +5 ring of evasion
Will    +....        z - ring of protection from cold
Stlth   ++           (no ring)
HPRegen 0.33/turn    (no ring)
MPRegen 0.12/turn    (no ring)
                     (no ring)

%: no passive effects
@: beast-form, hasted, very quick
A: beast (slay +2), almost no armour, amphibious, 8 rings, camouflage 1,
gelatinous body 1, (nimble swimmer 1), tentacles
a: Begin Untransformation, Renounce Religion, Minor Destruction


You were on level 9 of the Dungeon.
You worshipped Makhleb.
Makhleb was pleased with you.
You were a hulking beast.
You visited 2 branches of the dungeon, and saw 10 of its levels.

You collected 147 gold pieces.
You spent 147 gold pieces at shops.

Inventory:

Missiles
 i - a javelin
Jewellery
 d - an amulet of magic regeneration
 o - a +5 ring of evasion (left tentacle)
 q - a ring of willpower (right tentacle)
 v - a +5 ring of evasion (on tentacle)
 z - a ring of protection from cold (on tentacle)
Talismans
 b - a beast talisman (active)
 c - a flux talisman
Wands
 p - a wand of charming (6)
 B - a wand of flame (28)
Scrolls
 f - 7 scrolls of teleportation
 g - 5 scrolls of identify
 j - 2 scrolls of fog {unknown}
 t - 2 scrolls of blinking
 u - 4 scrolls of poison {unknown}
 w - 2 scrolls of enchant armour {unknown}
 x - a scroll of butterflies {unknown}
 y - a scroll of amnesia {unknown}
 C - a scroll of brand weapon {unknown}
 G - a scroll of revelation {unknown}
Potions
 a - 3 potions of lignification
 h - 3 potions of curing
 k - 3 potions of enlightenment
 m - 2 potions of ambrosia
 n - 2 potions of haste
 r - 2 potions of mutation
 s - 2 potions of brilliance {unknown}
 A - a potion of invisibility
 D - 2 potions of attraction {unknown}
 E - a potion of degeneration {unknown}
Miscellaneous
 F - a lightning rod (4/4)


   Skills:
 + Level 11.5 Fighting
 - Level 2.0 Dodging
 + Level 11.9 Unarmed Combat
 - Level 3.0 Shapeshifting


You had 9 spell levels left.
You didn't know any spells.
Your spell library contained the following spells:

 Spells                   Type           Power      Damage    Failure   Level
 Cigotuvi's Dreadful Rot  Necr/Pois/Air  0%         N/A       47%         2
 Scorch                   Fire           0%         2d5       47%         2
 Ignite Poison            Fire/Tmut/Pois 0%         N/A       71%         3
 Volatile Blastmotes      Fire/Tloc      0%         2d10      71%         3
 Flame Wave               Conj/Fire      0%         2d4       98%         4
 Fulminant Prism          Conj/Hex       0%         3d5       98%         4
 Iskenderun's Mystic Bla  Conj/Tloc      0%         2d3       98%         4
 Freezing Cloud           Conj/Ice/Air   0%         6-21      100%        5
 Summon Cactus Giant      Summ           0%         N/A       100%        6


Dungeon Overview and Level Annotations

Branches:
Dungeon (9/15)             Temple (1/1) D:7
   Lair: D:8-11         Orc: D:9-12

Altars:
Ashenzari
Cheibriados
Dithmenos
Elyvilon
Fedhas
Gozag
Kikubaaqudgha
Makhleb
Nemelex Xobeh
Okawaru
Qazlal
Sif Muna
Trog
Uskayaw
Vehumet
Wu Jian
Xom
Yredelemnul
Zin
The Shining One

Shops:
D:2 (*=![   D:5 *   D:9 ?

Annotations:
D:9 1 runed translucent door, Maurice
Temple 2 transporters


Innate Abilities, Weirdness & Mutations

You are a hulking beast.
Your limbs bulge with bestial killing power. (Slay +2)
You cannot wear most types of armour.
You are amphibious.
You can wear up to eight rings at the same time.
Your skin changes colour to match your surroundings (Stealth+).
Your rubbery body absorbs attacks. (AC +1, EV +1)
((You are camouflaged when in or above water. (Stealth+)))
You have tentacles for arms and can constrict up to eight enemies at once.


Message History

You close the door, pushing everything out of the way.
Things that are here:
a bat corpse; a bat corpse The fire bat bites you.
You are engulfed in flames.
You batter the fire bat!! You grab the fire bat.
The fire bat is almost dead.
You constrict the fire bat.
You kill the fire bat!
Makhleb accepts your kill.
You feel better.
Something unseen breaks down the door.
You hear a zap.
A puff of flame appears from out of thin air!
The puff of flame hits you.
There is a broken door, spattered with blood here.
You closely miss something. Something hits you.
Something steals 2 of your 3 javelins!
You tentacle-slap something but do no damage.
Something hits you!
* * * LOW HITPOINT WARNING * * *
Something steals 418 gold pieces!
You now have 0 gold pieces.
You bludgeon something!
Unknown command.
You tentacle-slap something but do no damage.
Your squeeze misses something. Something closely misses you.
Unknown command.
You tentacle-slap something. Your squeeze misses something. Something hits you.
* * * LOW HITPOINT WARNING * * *
Something groans, "What are you, a monk?"
Unknown command.
You miss something. Your squeeze misses something. Something hits you.
* * * LOW HITPOINT WARNING * * *
Something grunts, "Curses!"
Unknown command.
You closely miss something. Your squeeze misses something. Something hits you!
* * * LOW HITPOINT WARNING * * *
Something mutters, "Now where did you hide it?"
Unknown command.
Unknown command.
You feel yourself speed up. Something hits you!
You die...

.................## ##'##...##
..............#### #.#.....#
.............## ##.##...##
.............# #+##...##'###
..........#### ##.........###
.........##### +#..###+###..#'
.........##...# ##..###...###.)#
........##.....###..##.......##..
........##.._..{h†.†.+..._..††...
.......†##.....###..##.......##..
.........##...##.##..###...###.†#
.........######...'#.†###+###†.#'
..........#####...###.†....†÷.###
^............##...###†##8.8##†###
.............###.###...##+##...##
..............#####..⌠..#W#.._..#
.......))........###...##.##...##


There were no monsters in sight!

Vanquished Creatures
  2 hornets
  2 raiju (D:7)
  5 wraiths (D:9)
  6 fire bats (D:9)
  A wyvern (D:7)
  3 steam dragons
  Menkaure (D:5)
  4 water moccasins
  3 orc warriors
  An ice beast (D:5)
  3 ogres
  4 centaurs
  3 kobold brigands
  Blork the orc (D:5)
  2 scorpions (D:4)
  A bullfrog (D:7)
  2 wights (D:7)
  7 howler monkeys
  5 electric eels (D:7)
  2 hounds
  A jelly (D:5)
  2 orc priests
  Jessica (D:2)
  7 iguanas
  7 orc wizards
  11 gnolls
  6 adders
  A shadow imp (D:6)
  A white imp (D:8)
  A worm (D:2)
  A dart slug (D:1)
  24 orcs
  9 ball pythons
  8 endoplasms
  7 goblins
  6 hobgoblins
  12 jackals
  4 quokkas
  60 bats
  8 frilled lizards
  20 kobolds
  9 rats
264 creatures vanquished.

Vanquished Creatures (others)
  A sky beast (D:8)
  A bat (D:9)
2 creatures vanquished.

Grand Total: 266 creatures vanquished

Notes
Turn   | Place    | Note
-------+----------+-------------------------------------------
     0 | D:1      | BubbleThief the Octopode Shapeshifter began the quest for
                  | the Orb.
     0 | D:1      | Reached XP level 1. HP: 13/13 MP: 1/1
    32 | D:1      | Reached XP level 2. HP: 12/18 MP: 2/2
   128 | D:1      | Found a faded altar of an unknown god.
   284 | D:1      | Reached XP level 3. HP: 24/24 MP: 3/3
   592 | D:2      | Found Edimoeg's Distillery.
   601 | D:2      | Bought a potion of curing for 42 gold pieces
   712 | D:2      | Found Hoshuamidd's Jewellery Emporium.
   747 | D:2      | Reached XP level 4. HP: 18/30 MP: 4/4
   795 | D:2      | Found Athramm's Assorted Antiques.
  1008 | D:2      | Noticed Jessica
  1016 | D:2      | Killed Jessica
  1148 | D:2      | Found Lypnojut's Weapon Shop.
  1172 | D:2      | Found Zon Cump's Armour Boutique.
  1234 | D:2      | Reached XP level 5. HP: 36/36 MP: 5/5
  1972 | D:3      | Reached skill level 5 in Unarmed Combat
  2166 | D:4      | Reached XP level 6. HP: 29/43 MP: 6/6
  2543 | D:4      | Reached skill level 5 in Fighting
  2543 | D:4      | Reached XP level 7. HP: 50/50 MP: 7/7
  2647 | D:5      | Entered Level 5 of the Dungeon
  2758 | D:5      | Noticed Menkaure
  2763 | D:5      | Killed Menkaure
  2810 | D:5      | Reached XP level 8. HP: 30/57 MP: 8/8
  2978 | D:5      | Noticed Blork the orc
  2987 | D:5      | Killed Blork the orc
  3151 | D:5      | Found Puwask's Assorted Antiques.
  3876 | D:6      | Identified the +7 plate armour of Koidegump {+Inv rN+
                  | Str+4}
  4107 | D:7      | Reached XP level 9. HP: 58/66 MP: 9/9
  4411 | D:7      | Found a staircase to the Ecumenical Temple.
  4434 | Temple   | Found a transporter.
  4434 | Temple   | Found a transporter.
  4434 | Temple   | Found a transporter.
  4434 | Temple   | Found a transporter.
  4434 | Temple   | Entered the Ecumenical Temple
  4449 | Temple   | Became a worshipper of Makhleb the Destroyer
  5113 | D:7      | Reached skill level 10 in Unarmed Combat
  5199 | D:7      | Reached XP level 10. HP: 53/76 MP: 10/10
  5450 | D:8      | Reached * piety under Makhleb
  5456 | D:8      | Reached skill level 10 in Fighting
  7061 | D:9      | Found a broken altar of Ashenzari.
  7209 | D:9      | Found Ebreal's Magic Scroll Emporium.
  7218 | D:9      | Bought a scroll of blinking for 105 gold pieces
  7307 | D:9      | Identified the +7 war axe of Kismet {freeze, Str+3}
  7310 | D:9      | Found a runed translucent door.
  7431 | D:9      | Found an ornate altar of the Wu Jian Council.
  7451 | D:9      | Found a glowing golden altar of the Shining One.
  7476 | D:9      | Found a snail-covered altar of Cheibriados.
  7477 | D:9      | Reached ** piety under Makhleb
  7493 | D:9      | Found a glowing silver altar of Zin.
  7562 | D:9      | Noticed a flayed ghost
  7562 | D:9      | Found the +3 pair of gauntlets of War {Slay+5}
  7717 | D:9      | Found a sparkling altar of Nemelex Xobeh.
  7717 | D:9      | Noticed Maurice
  7755 | D:9      | HP: 2/79 [something (11)]
  7756 | D:9      | Mangled by Maurice

Illustrated notes

Levels and vault maps discovered:
D:1:      dpeg_arrival_windows_large_door, layout_rooms, basic_ecumenical_altar
D:2:      layout_loops_cross, serial_shops, shop, shop, shop,
          nicolae_lakefront_shop, shop, minmay_box_of_dots, uniq_jessica
D:3:      layout_basic
D:4:      layout_basic, hangedman_decor_points
D:5:      layout_loops_cross, serial_shops, nicolae_shop_tiny_glass,
          hangedman_decor_lopped, minmay_misc_feat_enclosed, uniq_blork_the_orc,
          uniq_menkaure
D:6:      layout_basic, minmay_checkerbox
D:7:      cheibrodos_steamvent, layout_loops_ring, minmay_temple_entry_junction,
          nicolae_have_a_lightning_rod
D:8:      layout_layer_cave
D:9:      due_megacathedral, layout_long_grid, amcnicky_altar_gilded,
          serial_shops, nicolae_lakefront_shop, uniq_maurice
Temple:   hellmonk_temple_divided_pantheon

Skill      XL: |  1  2  3  4  5  6  7  8  9 10 |
---------------+-------------------------------+-----
Fighting       | 2 3 4 5 6 7 9 11 | 11.5
Unarmed Combat | 4 5 6 8 10 11 | 11.9
Dodging        | |  2.0
Shapeshifting  | |  3.0

Action                     |  1- 3 |  4- 6 |  7- 9 | 10-12 || total
---------------------------+-------+-------+-------+-------++-------
  Melee: Unarmed           |    60 |   107 |   177 |   213 ||   557
         Constrict         |    14 |    26 |    36 |    35 ||   111
         Tentacles         |     5 |    27 |    50 |    43 ||   125
         Punch             |     2 |     4 |    14 |    12 ||    32
  Evoke: Wand              |       |       |     4 |       ||     4
         Lightning rod     |       |       |       |     3 ||     3
    Use: Scroll            |       |       |     7 |     2 ||     9
         Potion            |       |       |       |     2 ||     2
   Stab: Sleeping          |     3 |    12 |    11 |     1 ||    27
 Armour: Skin              |     4 |     4 |     2 |    12 ||    22
  Dodge: Dodged            |    31 |    66 |   146 |   243 ||   486

Table legend: (Time is in decaauts)
 A = Elapsed time spent in this place.
 B = Non-inter-level travel time spent in this place.
 C = Inter-level travel time spent in this place.
 D = Time resting spent in this place.
 E = Time spent auto-exploring this place.
 F = Levels seen in this place.
 G = Mean time per level.
                   A        B        C        D        E       F      G
               +--------+--------+--------+--------+--------+-----+--------+
         Total |   7696 |   7531 |    165 |    327 |   5835 |  10 |  769.6 |
       Dungeon |   7669 |   7511 |    158 |    327 |   5835 |   9 |  852.1 |
        Temple |     26 |     19 |      7 |      0 |      0 |   1 |   26.0 |
               +--------+--------+--------+--------+--------+-----+--------+

Top non-repeatable levels by time:
     D:8: 1496 daAuts
     D:7: 1253 daAuts
     D:9: 985 daAuts
     D:5: 840 daAuts
     D:2: 831 daAuts
     D:3: 751 daAuts
     D:4: 543 daAuts
     D:1: 503 daAuts
     D:6: 463 daAuts
  Temple: 26 daAuts
